 Dungeon Crawl Stone Soup version bcrawl-1.19.1 (webtiles) character file.

Game seed: 8846287330916935735

9576 Mrkan the Cleaver (level 11, -1/135 HPs)
             Began as a Minotaur Fighter on Dec 6, 2019.
             Was a Believer of Ru.
             Slain by a black mamba (6 damage)
             ... on level 1 of the Lair of Beasts.
             The game lasted 00:23:37 (10078 turns).

Mrkan the Cleaver (Minotaur Fighter)               Turns: 10078, Time: 00:23:37

Health: -1/135     AC: 30    Str: 20    XL:     11   Next: 24%
Magic:  10/10      EV:  2    Int:  5    God:    Ru [**....]
Gold:   612        SH: 12    Dex: 14    Spells: 10/10 levels left

rFire    + . .     SeeInvis .   a - +0 war axe
rCold    x . .     Gourm    .   c - +0 shield
rNeg     + + +     Faith    .   (armour currently unavailable)
rPois    +         Spirit   .   (helmet currently unavailable)
rElec    .         Reflect  .   (cloak currently unavailable)
rCorr    .         Harm     .   (gloves currently unavailable)
MR       .....     NoTele   +   (boots currently unavailable)
Stlth    ..........             (no amulet)
HPRegen  0.32/turn              y - +5 ring of protection
MPRegen  0.12/turn              H - ring of fire

@: tree-form
A: (retaliatory headbutt), frail 1, no stealth
a: Renounce Religion


You were on level 1 of the Lair of Beasts.
You worshipped Ru.
Ru was pleased with you.
You were not hungry.
You were a tree.
You visited 2 branches of the dungeon, and saw 10 of its levels.

You collected 640 gold pieces.
You spent 28 gold pieces at shops.

Inventory:

Hand Weapons
 a - a +0 war axe (weapon)
 B - a +1 morningstar of protection
 I - a +1 scimitar of flaming
Armour
 c - a +0 shield (worn)
 m - a +0 plate armour (melded)
 C - a +1 cloak (melded)
 J - a +0 pair of boots
Jewellery
 j - an uncursed ring of wizardry
 x - an uncursed amulet of faith
 y - a +5 ring of protection (left branch)
 H - a ring of fire (right branch)
Wands
 D - a wand of iceblast (27)
 G - a wand of polymorph (29)
 K - a wand of acid (8)
 N - a wand of paralysis (12)
 O - a wand of flame (16)
Scrolls
 g - 3 scrolls of remove curse
 h - 4 scrolls of magic mapping
 i - 2 scrolls of immolation
 k - 2 scrolls of teleportation
 l - a scroll of fog
 p - a scroll of noise
 w - 2 scrolls of enchant armour
 F - a scroll of amnesia
 M - a scroll of identify
 P - 3 scrolls of summoning
Potions
 b - 2 potions of ambrosia
 d - 3 potions of might
 e - 2 potions of resistance
 n - 2 potions of curing
 o - 3 potions of mutation {unknown}
 q - 2 potions of berserk rage
 r - 2 potions of magic
 s - a potion of haste
 t - a potion of degeneration
 u - a potion of brilliance {unknown}
 v - a potion of agility
 E - a potion of cancellation {unknown}
Comestibles
 f - 13 rations {!d}
 L - 6 chunks of flesh


   Skills:
 + Level 10.2 Fighting
 * Level 13.1 Axes
 + Level 10.1 Armour
 + Level 10.1 Shields


You had 10 spell levels left.
You didn't know any spells.
Your spell library contained the following spells:

 Spells                   Type           Power        Failure   Level  Hunger
 Beastly Appendage        Tmut           #.....       69%         1    ##.....
 Ensorcelled Hibernation  Hex/Ice        #.....       83%         2    ###....
 Poisonous Vapours        Pois/Air       #.....       83%         2    ###....
 Sticks to Snakes         Tmut           #.......     83%         2    ###....
 Confuse                  Hex            #.......     96%         3    ####...
 Conjure Flame            Conj/Fire      #.......     96%         3    ####...
 Dazzling Spray           Conj/Hex       #.....       96%         3    ####...
 Mephitic Cloud           Conj/Pois/Air  #.......     96%         3    ####...
 Spider Form              Tmut/Pois      #..          96%         3    ####...
 Ice Form                 Ice/Tmut       #.......     100%        4    #####..
 Petrify                  Tmut/Erth      #.......     100%        4    #####..
 Yara's Violent Unravell  Hex/Tmut       #.........   100%        4    #####..
 Blade Hands              Tmut           #.........   100%        5    ######.
 Metabolic Englaciation   Hex/Ice        #.........   100%        5    ######.
 Borgnjor's Vile Clutch   Necr/Erth      #.........   100%        6    #######
 Darkness                 Hex            #.........   100%        6    #######
 Freezing Cloud           Ice/Air        #.........   100%        6    #######
 Infestation              Hex/Tmut/Pois  #........    100%        6    #######
 Shadow Creatures         Summ           N/A          100%        6    #######
 Steam Barrier            Chrm/Fire      #.........   100%        6    #######
 Mana Rupture             Conj/Hex       #.........   100%        7    #######
 Time Stop                Chrm/Tloc      N/A          100%        8    #######


Dungeon Overview and Level Annotations

Branches:
Dungeon (9/12)             Temple (0/1) D:5            Lair (1/6) D:9
    Orc (0/1) D:9

Altars:
Gozag
Lugonu
Nemelex Xobeh
Qazlal
Ru
Sif Muna
Trog
Wu Jian
Xom
Zin

Shops:
D:5 [*=*   D:9 *(

Annotations:
D:7 3 runed translucent doors, Sickboy's ghost, novice FrWz


Innate Abilities, Weirdness & Mutations

((You reflexively headbutt those who attack you in melee.))
((You have a pair of horns on your head.))
You are frail. (-10% HP)
You cannot be stealthy.


Message History

Really quaff the potion of lignification?
You turn into a tree.
Your +1 cloak melds into your body.
Your +0 plate armour melds into your body.
Your roots penetrate the ground.
The blink frog blinks!
The black mamba bites you but does no damage.
You block the crocodile's attack. The crocodile bites you!
* * * LOW HITPOINT WARNING * * *
The black mamba bites you but does no damage.
You closely miss the crocodile. x2; You hit the black mamba.
The crocodile bites you but does no damage.
The black mamba bites you.
* * * LOW HITPOINT WARNING * * *
You redirect the crocodile's attack!
The crocodile bites the crocodile!
The blink frog blinks!
The blink frog begins to attack, but is stunned by your will!
You hit the crocodile but do no damage.
The crocodile is heavily wounded.
You slash the crocodile! You barely miss the black mamba.
The black mamba bites you.
You die...

##..(....###....
###...#..#.... #
#........#.##..
##.......##....
#............#
##...........#
#...........# ..
###S##..##..# #..#
##♣#÷.##..##....
###tt.###........
#.Fl.F###...?....
#.%†...#..$....#
####F.............#
#...............#. .
.....#.#....#....#...
#.....#......#......#.
....P......##........#


You could see a komodo dragon, a black mamba, a cane toad, 2 blink frogs and 2
crocodiles.

Vanquished Creatures
  Psyche (D:8)
  Erica (D:8)
  A centaur warrior (D:9)
  A cane toad (Lair:1)
  A troll (D:9)
  Grinder (D:3)
  3 hippogriffs
  5 yaks (Lair:1)
  A wraith (D:7)
  3 basilisks
  3 hungry ghosts
  3 crocodiles (Lair:1)
  Duvessa (D:7)
  2 porcupines (D:9)
  A sky beast (D:6)
  A hornet zombie (D:8)
  2 ice beasts
  2 orc warriors (D:9)
  4 black bears (D:9)
  3 wolves (D:9)
  2 necrophages
  3 phantoms
  2 ogres
  3 centaurs (D:5)
  4 bullfrogs
  2 big kobolds
  Dowan (D:7)
  A scorpion (D:7)
  6 killer bees (D:8)
  3 wights (D:9)
  A howler monkey (D:5)
  A crimson imp (D:9)
  A jelly (D:9)
  5 orc priests
  A quasit (D:9)
  A centaur skeleton (D:5)
  A bullfrog skeleton (D:6)
  13 orc wizards
  Jessica (D:2)
  3 iguanas (D:9)
  9 worker ants
  A hound skeleton (D:9)
  8 gnolls
  5 adders
  2 oozes (D:1)
  4 adder zombies
  An adder skeleton (D:7)
  2 worms
  A dart slug (D:1)
  3 leopard geckos (D:1)
  30 orcs
  A giant cockroach (D:3)
  7 goblins
  9 hobgoblins
  10 jackals
  2 quokkas
  5 bats
  4 frilled lizards
  11 kobolds
  A quokka skeleton (D:5)
  6 rats
217 creatures vanquished.

Vanquished Creatures (others)
  An orc (D:8)
  4 fungi
  10 plants
15 creatures vanquished.

Grand Total: 232 creatures vanquished

Notes
Turn   | Place    | Note
-------+----------+-------------------------------------------
     0 | D:1      | Mrkan the Minotaur Fighter began the quest for the Orb.
     0 | D:1      | Reached XP level 1. HP: 19/19 MP: 0/0
    92 | D:1      | Reached XP level 2. HP: 25/27 MP: 1/1
   123 | D:1      | Reached skill level 3 in Axes
   204 | D:1      | Reached XP level 3. HP: 33/33 MP: 2/2
   445 | D:2      | Noticed Jessica
   449 | D:2      | Killed Jessica
   482 | D:2      | Found a sacrificial altar of Ru.
   488 | D:2      | Reached skill level 4 in Axes
   488 | D:2      | Reached XP level 4. HP: 39/41 MP: 3/3
   503 | D:2      | Became a worshipper of Ru the Awakened
   553 | D:2      | Found a shimmering altar of Xom.
   889 | D:2      | Found a corrupted altar of Lugonu.
  1150 | D:3      | Reached XP level 5. HP: 42/47 MP: 4/4
  1184 | D:3      | Found a stormy altar of Qazlal.
  1283 | D:3      | Found a glowing silver altar of Zin.
  1398 | D:3      | Noticed Grinder
  1408 | D:3      | Paralysed by Grinder for 4 turns
  1417 | D:3      | Killed Grinder
  1417 | D:3      | Reached skill level 5 in Fighting
  1417 | D:3      | Reached skill level 5 in Axes
  1417 | D:3      | Reached skill level 5 in Armour
  1417 | D:3      | Reached skill level 5 in Shields
  1417 | D:3      | Reached XP level 6. HP: 21/56 MP: 5/5
  1982 | D:4      | Reached skill level 6 in Axes
  2062 | D:4      | Found a sparkling altar of Nemelex Xobeh.
  2080 | D:4      | Reached XP level 7. HP: 47/61 MP: 6/6
  2524 | D:4      | Found an ornate altar of the Wu Jian Council.
  2640 | D:5      | Entered Level 5 of the Dungeon
  2640 | D:5      | Found a staircase to the Ecumenical Temple.
  2642 | D:5      | Found Utoaf's Assorted Antiques.
  2855 | D:5      | Reached skill level 7 in Axes
  3047 | D:5      | Found Vorist's Jewellery Emporium.
  3138 | D:5      | Found Okeowkof's General Store.
  3185 | D:5      | Found Othreziaj's Antique Armour Shop.
  3309 | D:5      | Reached XP level 8. HP: 54/70 MP: 7/7
  4025 | D:6      | Reached skill level 8 in Axes
  4748 | D:7      | Gained mutation: You are frail. (-10% HP) [Ru sacrifice]
  4748 | D:7      | Reached * piety under Ru
  4748 | D:7      | Reached ** piety under Ru
  4759 | D:7      | Reached skill level 9 in Axes
  4930 | D:7      | Reached XP level 9. HP: 70/70 MP: 8/8
  5221 | D:7      | Found a runed translucent gate.
  5221 | D:7      | Found a runed translucent gate.
  5233 | D:7      | Found a runed translucent gate.
  5233 | D:7      | Found an opulent altar of Gozag.
  5249 | D:7      | Noticed Sickboy's ghost (novice FrWz)
  5288 | D:7      | Found a bloodstained altar of Trog.
  5358 | D:7      | Noticed Dowan
  5359 | D:7      | Noticed Duvessa
  5372 | D:7      | Killed Duvessa
  5372 | D:7      | Reached skill level 10 in Axes
  5373 | D:7      | Killed Dowan
  5551 | D:7      | Found a runed door.
  6084 | D:8      | Noticed Erica
  6386 | D:8      | Killed Erica
  6386 | D:8      | Reached skill level 11 in Axes
  6386 | D:8      | Reached XP level 10. HP: 65/81 MP: 9/9
  6988 | D:8      | HP: 4/81 [poisoned by a killer bee]
  6994 | D:8      | HP: 2/81 [poisoned by a killer bee]
  7000 | D:8      | HP: 2/81 [poisoned by a killer bee]
  7008 | D:8      | HP: 1/81 [poisoned by a killer bee]
  7492 | D:8      | Gained mutation: You cannot be stealthy. [Ru sacrifice]
  7573 | D:8      | Noticed Psyche
  7589 | D:8      | Killed Psyche
  7925 | D:8      | Found a shimmering blue altar of Sif Muna.
  8355 | D:9      | Reached skill level 12 in Axes
  8581 | D:9      | Found a flagged portal.
  8671 | D:9      | Found a staircase to the Orcish Mines.
  8679 | D:9      | Found Jaratusa's Weapon Emporium.
  8809 | D:9      | Noticed a centaur warrior
  8838 | D:9      | Killed a centaur warrior
  8838 | D:9      | Reached XP level 11. HP: 24/89 MP: 10/10
  9245 | D:9      | Found a staircase to the Lair.
  9745 | D:9      | Found Ufonai's Assorted Antiques.
  9753 | D:9      | Bought a fizzy amethyst potion for 28 gold pieces
  9953 | Lair:1   | Entered Level 1 of the Lair of Beasts
  9967 | Lair:1   | Reached skill level 10 in Fighting
 10013 | Lair:1   | Reached skill level 10 in Shields
 10017 | Lair:1   | Reached skill level 10 in Armour
 10019 | Lair:1   | Reached skill level 13 in Axes
 10076 | Lair:1   | HP: 6/135 [crocodile (10)]
 10078 | Lair:1   | Slain by a black mamba

Skill      XL: |  1  2  3  4  5  6  7  8  9 10 11 |
---------------+----------------------------------+-----
Axes           | 3 4 5 6 7 9 11 12 13 | 13.1
Shields        | 4 5 6 7 8 9 10 | 10.1
Fighting       | 4 5 6 7 8 9 10 | 10.2
Armour         | 4 5 6 7 8 9 10 | 10.1

Action                   |  1- 3 |  4- 6 |  7- 9 | 10-12 || total
-------------------------+-------+-------+-------+-------++-------
Melee: War axe           |    56 |   105 |   314 |   295 ||   770
       Headbutt          |     9 |    16 |    75 |    68 ||   168
Invok: Sacrifice Health  |       |       |     1 |       ||     1
       Sacrifice Stealth |       |       |       |     1 ||     1
  Use: Potion            |       |       |     1 |     3 ||     4
       Scroll            |       |       |       |    20 ||    20
 Stab: Paralysed         |       |     1 |       |       ||     1
       Invisible         |       |       |       |     4 ||     4
       Distracted        |       |       |       |     1 ||     1
  Eat: Chunk             |       |     4 |    19 |     9 ||    32
       Ration            |       |       |     1 |     2 ||     3
Armor: Scale mail        |    29 |    31 |    11 |       ||    71
       Chain mail        |       |       |   129 |    87 ||   216
       Plate armour      |       |       |       |    76 ||    76
       Skin              |       |       |       |     3 ||     3
Dodge: Dodged            |    24 |    35 |    75 |    64 ||   198
Block: Shield            |    36 |    56 |   161 |   195 ||   448
